[Event "Titled Tuesday Blitz March 28 Early 2023"]
[White "Balague Camps, Marc"]
[Black "Rom, Jasper"]
[WhiteFideId "2297914"]
[BlackFideId "2023733"]
[WhiteElo "2089"]
[BlackElo "2233"]
[Result "1-0"]
[Round "10"]
[TimeControl "180+2"]
[Date "2023.03.28"]
[WhiteClock "0:00:03"]
[BlackClock "0:00:01"]

1. d4 d5 2. c4 e6 3. Nc3 c6 4. Nf3 dxc4 5. e3 b5 6. Bd2 Nf6 7. Ne5 Bb7 8. Be2 a6 9. O-O Nbd7 10. Qc2 c5 11. Bf3 Bxf3 12. Nxf3 Be7 13. a4 Rb8 14. axb5 axb5 15. b3 b4 16. Na4 c3 17. Bc1 Qc7 18. e4 O-O 19. Be3 c4 20. bxc4 Qxc4 21. Nd2 Qc6 22. d5 exd5 23. exd5 Nxd5 24. Bd4 Bf6 25. Nb3 Nf4 26. f3 Bxd4+ 27. Nxd4 Qc4 28. Rfd1 Rfc8 29. Qf5 c2 30. Nxc2 Qxc2 31. Qxf4 Nf6 32. Rdc1 Qb3 33. Nc5 Qb2 34. Rab1 Qa3 35. Rb3 Qa5 36. Nd3 Nd5 37. Qe5 Qb6+ 38. Kf1 Rxc1+ 39. Nxc1 Nc3 40. Nd3 Qb5 41. Qd4 h6 42. Kf2 Qe8 43. Nxb4 Qe2+ 44. Kg3 1-0


[Site "https://www.chess.com"]

[Event "Titled Tuesday Blitz March 28 Early 2023"]
[White "ArchibaldCerveza29"]
[Black "Vedder, Richard"]
[BlackFideId "1004166"]
[WhiteElo "2485"]
[BlackElo "2168"]
[Result "0-1"]
[Round "10"]
[TimeControl "180+2"]
[Date "2023.03.28"]
[WhiteClock "0:00:01"]
[BlackClock "0:01:05"]

1. e4 e5 2. Nf3 Nc6 3. d4 exd4 4. Bc4 Nf6 5. O-O Nxe4 6. Nc3 Nxc3 7. bxc3 d5 8. Bb5 dxc3 9. Re1+ Be7 10. Bxc6+ bxc6 11. Nd4 Qd6 12. Qe2 Be6 13. a4 O-O 14. Ba3 Qd7 15. Bxe7 Qxe7 16. Nxe6 fxe6 17. Qxe6+ Qf7 18. Qxf7+ Rxf7 19. Re6 Rf6 20. Rae1 Rb8 21. g3 Rxe6 22. Rxe6 Rb2 23. Rxc6 Rxc2 24. Rxc7 d4 25. Kf1 d3 26. Rd7 Rc1+ 27. Kg2 d2 28. Rxa7 d1=Q 29. Kh3 Qf1+ 30. Kg4 Qe2+ 31. Kh3 Ra1 32. Ra5 c2 33. f4 c1=Q 34. f5 Qh5+ 35. Kg2 Qd2# 0-1


[Site "https://www.chess.com"]

[Event "Titled Tuesday Blitz March 28 Early 2023"]
[White "Boraso, Alessio"]
[Black "Pein, Jonathan"]
[WhiteFideId "848077"]
[BlackFideId "417092"]
[WhiteElo "2286"]
[BlackElo "2151"]
[Result "0-1"]
[Round "10"]
[TimeControl "180+2"]
[Date "2023.03.28"]
[WhiteClock "0:00:02"]
[BlackClock "0:00:10"]

1. e4 e5 2. Nf3 d6 3. c4 Nf6 4. Nc3 g6 5. Be2 Bg7 6. O-O O-O 7. d4 exd4 8. Nxd4 Re8 9. f3 Nh5 10. Nc2 Be5 11. f4 Bxc3 12. bxc3 Nf6 13. e5 dxe5 14. Qxd8 Rxd8 15. fxe5 Ne4 16. Bf3 Nc5 17. Bg5 Re8 18. Rad1 Be6 19. Bd5 Nbd7 20. Bf6 Bg4 21. Rd4 Nxf6 22. exf6 Bf5 23. Na1 c6 24. Bf3 h5 25. Nb3 Na4 26. Na5 Nxc3 27. Nxb7 Be4 28. Kf2 Bxf3 29. gxf3 Re2+ 30. Kg3 Rae8 31. Nd6 R8e6 32. Ne4 Nxe4+ 33. fxe4 R2xe4 34. Rd8+ Kh7 35. Rf8 Re3+ 36. Kg2 Re2+ 37. Kg3 R6e3+ 38. Kf4 Re4+ 39. Kg3 g5 40. Rxf7+ Kg6 41. Rg7+ Kh6 42. Rxa7 h4+ 0-1


[Site "https://www.chess.com"]

[Event "Titled Tuesday Blitz March 28 Early 2023"]
[White "Kubatko, Ivan"]
[Black "Lopez, Nelson M, Ii"]
[WhiteFideId "24111473"]
[BlackFideId "2027895"]
[WhiteElo "2285"]
[BlackElo "2393"]
[Result "1-0"]
[Round "10"]
[TimeControl "180+2"]
[Date "2023.03.28"]
[WhiteClock "0:00:10"]
[BlackClock "0:00:16"]

1. e4 e5 2. Nf3 Nc6 3. Nc3 Nf6 4. g3 h5 5. d4 exd4 6. Nxd4 Bc5 7. Be3 Nxd4 8. Bxd4 Bxd4 9. Qxd4 d6 10. h3 Be6 11. O-O-O Qe7 12. Bg2 O-O 13. Rhe1 Nd7 14. f4 f6 15. Nd5 Qd8 16. Kb1 Nb6 17. Ne3 Qd7 18. Bf3 Qa4 19. Qxa4 Nxa4 20. Bxh5 Nc5 21. Nd5 Rac8 22. Ne7+ Kh7 23. Nxc8 Rxc8 24. Bg4 Bxg4 25. hxg4 Kg6 26. Re3 Re8 27. Rde1 Ne6 28. c3 Kf7 29. Kc2 Rh8 30. e5 dxe5 31. fxe5 fxe5 32. Rxe5 Rh6 33. Rf1+ Ke7 34. Rfe1 Rg6 35. Kd3 Kd6 36. Rxe6+ Rxe6 37. Rxe6+ Kxe6 38. Ke4 Kf6 39. Kf4 g5+ 40. Ke4 Ke6 41. c4 c5 42. b3 b6 43. a3 a6 44. a4 a5 45. Kf3 Ke5 46. Ke3 Kd6 47. Kd3 Ke6 48. Ke4 Kd6 49. Kf5 b5 50. cxb5 c4 51. bxc4 Kc5 52. Kxg5 Kb4 53. b6 Kxa4 54. b7 Ka3 55. b8=Q a4 56. c5 Ka2 57. c6 a3 58. c7 Ka1 59. Qa8 a2 60. Qxa2+ Kxa2 61. c8=Q 1-0


[Site "https://www.chess.com"]

[Event "Titled Tuesday Blitz March 28 Early 2023"]
[White "Valle Maytin, Luis Enrique"]
[Black "Salman, Pavel"]
[WhiteFideId "3503666"]
[BlackFideId "24153753"]
[WhiteElo "2225"]
[BlackElo "2187"]
[Result "1-0"]
[Round "10"]
[TimeControl "180+2"]
[Date "2023.03.28"]
[WhiteClock "0:00:06"]
[BlackClock "0:00:15"]

1. e4 g6 2. d4 Bg7 3. f4 d6 4. Nc3 Nf6 5. Nf3 c5 6. e5 Ng4 7. Bb5+ Bd7 8. e6 fxe6 9. Ng5 Bxb5 10. Nxe6 Bxd4 11. Nxb5 Qa5+ 12. c3 Bf2+ 13. Kd2 Be3+ 14. Kc2 Qa4+ 15. b3 Qe4+ 16. Kb2 Nf2 17. Qc2 Nd3+ 18. Kb1 d5 19. Bxe3 Qxe3 20. Rd1 Kd7 21. Nec7 c4 22. Nxd5 Qf2 23. Qxf2 Nxf2 24. Rd2 Ne4 25. Rd4 a6 26. Nb6+ Kc6 27. Nxa8 axb5 28. Rxe4 Nd7 29. bxc4 Rxa8 30. cxb5+ Kxb5 31. Rxe7 Nc5 32. Kc2 Kc4 33. a4 h5 34. Rd1 Nxa4 35. Rd4+ Kc5 36. Re5+ Kb6 37. Re6+ Kc5 38. Rxg6 Nb6 39. Rg5+ Kc6 40. Re4 Ra2+ 41. Kd3 Rxg2 42. Rxg2 Nd5 43. Rg6+ Kc5 44. Re5 b5 45. Rgg5 Kc6 46. Rxd5 b4 47. Rc5+ Kd6 48. cxb4 Ke6 49. Rgd5 h4 50. f5+ 1-0


[Site "https://www.chess.com"]

[Event "Titled Tuesday Blitz March 28 Early 2023"]
[White "Manukian, Artak"]
[Black "Manon-og, Ramon Jr."]
[WhiteFideId "13301373"]
[BlackFideId "5200776"]
[WhiteElo "2130"]
[BlackElo "2375"]
[Result "1-0"]
[Round "10"]
[TimeControl "180+2"]
[Date "2023.03.28"]
[WhiteClock "0:00:13"]
[BlackClock "0:00:11"]

1. e4 c5 2. Nf3 d6 3. Bb5+ Nd7 4. O-O a6 5. Bd3 Ngf6 6. Re1 e5 7. a4 Be7 8. c3 O-O 9. Bc2 b6 10. d4 cxd4 11. cxd4 Bb7 12. Nc3 Rc8 13. dxe5 dxe5 14. Bg5 Bb4 15. Re3 h6 16. Bh4 Qe8 17. Nd5 Nxd5 18. exd5 Bxd5 19. Qxd5 Rxc2 20. Qb3 Bc5 21. Qxc2 Bxe3 22. fxe3 Qe6 23. b4 Re8 24. Rc1 Nf8 25. Qc4 Qd7 26. Qxa6 Ng6 27. Bf2 e4 28. Nd4 Ne5 29. Qb5 Qe7 30. Nc6 Nxc6 31. Rxc6 Rd8 32. Rc1 Qf6 33. a5 bxa5 34. bxa5 Rd2 35. Rf1 Ra2 36. Qe8+ Kh7 37. Qxe4+ g6 38. Bg3 Ra1 39. Be1 Qe6 40. Qxe6 fxe6 41. Bc3 Ra3 42. Rc1 g5 43. Kf2 Kg6 44. Ke2 Kf5 45. Kd3 e5 46. e4+ Ke6 47. Ra1 Rb3 48. a6 1-0


[Site "https://www.chess.com"]

[Event "Titled Tuesday Blitz March 28 Early 2023"]
[White "Wilson, Elvin"]
[Black "Kukula, Pawel"]
[WhiteFideId "2014874"]
[BlackFideId "1115081"]
[WhiteElo "2306"]
[BlackElo "2012"]
[Result "0-1"]
[Round "10"]
[TimeControl "180+2"]
[Date "2023.03.28"]
[WhiteClock "0:00:19"]
[BlackClock "0:00:06"]

1. c4 Nf6 2. g3 g6 3. Bg2 Bg7 4. Nc3 O-O 5. e4 d6 6. Nge2 c5 7. O-O Nc6 8. d3 Bd7 9. h3 Qc8 10. Kh2 a6 11. Be3 e5 12. Qd2 Nd4 13. f4 Ne8 14. f5 gxf5 15. Bh6 f4 16. Bxg7 Nxg7 17. gxf4 f6 18. Nxd4 cxd4 19. Nd5 Qd8 20. f5 Bc6 21. Rf3 Bxd5 22. exd5 Nh5 23. Qh6 Qe8 24. Rg1 Kh8 25. Rf2 Qf7 26. Be4 Rg8 27. Rfg2 Nf4 28. Rg4 Rxg4 29. hxg4 Rg8 30. g5 Qh5+ 31. Qxh5 Nxh5 32. g6 hxg6 33. fxg6 Kg7 34. b4 Rh8 35. Rb1 Nf4+ 36. Kg1 Rh5 37. c5 f5 38. Bf3 Rh8 39. c6 Rb8 40. b5 axb5 41. Rxb5 b6 42. a4 Nxd3 43. a5 e4 44. axb6 exf3 45. c7 f2+ 46. Kf1 Re8 47. Rb1 Re1+ 48. Kg2 f1=Q+ 49. Kg3 Re3+ 50. Kh4 Qf4+ 51. Kh5 Rh3# 0-1


[Site "https://www.chess.com"]

[Event "Titled Tuesday Blitz March 28 Early 2023"]
[White "mjelcic"]
[Black "Abdilkhair, Abilmansur"]
[BlackFideId "13716417"]
[WhiteElo "2251"]
[BlackElo "2216"]
[Result "1-0"]
[Round "10"]
[TimeControl "180+2"]
[Date "2023.03.28"]
[WhiteClock "0:00:35"]
[BlackClock "0:01:29"]

1. e4 e5 2. Nf3 Nc6 3. d4 exd4 4. Bc4 Nf6 5. e5 d5 6. Bb5 Ne4 7. Nxd4 Bd7 8. Bxc6 bxc6 9. O-O Bc5 10. f3 Ng5 11. f4 Ne4 12. Be3 O-O 13. Nd2 Nxd2 14. Qxd2 Bb6 15. Nb3 Bf5 16. Qc3 Qh4 17. Bc5 Rfe8 18. Nd4 Bd3 19. cxd3 f6 20. Rae1 1-0


[Site "https://www.chess.com"]

[Event "Titled Tuesday Blitz March 28 Early 2023"]
[White "Reprintsev, Alexander"]
[Black "Zavortink, Matt"]
[WhiteFideId "14100541"]
[BlackFideId "2034263"]
[WhiteElo "2229"]
[BlackElo "2322"]
[Result "1-0"]
[Round "10"]
[TimeControl "180+2"]
[Date "2023.03.28"]
[WhiteClock "0:00:07"]
[BlackClock "0:00:02"]

1. e4 e6 2. d4 d5 3. Nc3 Nf6 4. Bg5 Be7 5. e5 Nfd7 6. h4 c5 7. Bxe7 Kxe7 8. dxc5 Nxe5 9. Qe2 Nbc6 10. O-O-O Kf8 11. h5 h6 12. g4 Qa5 13. f4 Nd7 14. g5 Nxc5 15. Nf3 Bd7 16. Bh3 b5 17. Ne5 b4 18. Nxd7+ Nxd7 19. Nxd5 Qxa2 20. Qb5 Rc8 21. Nxb4 Qa1+ 22. Kd2 Qxb2 23. Rb1 Qd4+ 24. Nd3 hxg5 25. Bg2 Ndb8 26. fxg5 Qg4 27. Qc5+ Kg8 28. Qf2 Qxg5+ 29. Kd1 Rxh5 30. Rg1 Qg4+ 31. Bf3 Qf5 32. Qg2 Rh7 33. Be4 Qh5+ 34. Kc1 g6 35. Rb7 Ne5 36. Nf4 Qh6 37. Rf1 Nbc6 38. Kb1 Nd4 39. Nxg6 Nxg6 40. Rg1 Rg7 41. Qf2 Nxc2 42. Bxc2 Qf4 43. Qg2 Qd4 44. Rb3 Rc3 45. Rb8+ Kh7 46. Rh1+ 1-0


[Site "https://www.chess.com"]

[Event "Titled Tuesday Blitz March 28 Early 2023"]
[White "Van Osch, Mees"]
[Black "Shubenkova, Veronika"]
[WhiteFideId "1035967"]
[BlackFideId "44124040"]
[WhiteElo "2324"]
[BlackElo "2027"]
[Result "0-1"]
[Round "10"]
[TimeControl "180+2"]
[Date "2023.03.28"]
[WhiteClock "0:00:08"]
[BlackClock "0:00:25"]

1. e4 e6 2. d4 d5 3. Nc3 Nf6 4. e5 Nfd7 5. Nf3 c5 6. Be3 cxd4 7. Qxd4 Nc6 8. Qf4 Be7 9. O-O-O a6 10. Bd3 b5 11. h4 h6 12. Kb1 Bb7 13. Ne2 Qa5 14. Ned4 Nb4 15. a3 Nxd3 16. cxd3 Rf8 17. Nb3 Qa4 18. Qxa4 bxa4 19. Na5 Bc8 20. Rc1 Bd8 21. Nc6 Bb6 22. Bxb6 Nxb6 23. Nfd4 Bd7 24. Rc5 f6 25. f3 Rc8 26. Re1 Bxc6 27. Rxc6 Rxc6 28. Nxc6 Kd7 29. Nd4 fxe5 30. Rxe5 Rf6 31. Re2 Kd6 32. Rc2 Ke5 33. Ne2 Kd6 34. f4 e5 35. fxe5+ Kxe5 36. Rc7 g5 37. hxg5 hxg5 38. Rg7 Kf5 39. Nd4+ Kf4 40. Kc2 Nc8 41. Ne2+ Ke3 42. Nc3 Rc6 43. Kd1 d4 44. Nxa4 Kxd3 45. Rxg5 Rh6 46. Nc5+ Kc4 47. b4 Nd6 48. Ke2 Nb5 49. Nd3 Nc3+ 50. Kd2 Ne4+ 51. Ke2 Nxg5 52. Ne5+ Kd5 53. Ng4 Re6+ 54. Kf2 d3 0-1


[Site "https://www.chess.com"]

[Event "Titled Tuesday Blitz March 28 Early 2023"]
[White "BenchGM"]
[Black "Khamdamova, Afruza"]
[BlackFideId "14210444"]
[WhiteElo "2364"]
[BlackElo "2210"]
[Result "0-1"]
[Round "10"]
[TimeControl "180+2"]
[Date "2023.03.28"]
[WhiteClock "0:00:08"]
[BlackClock "0:00:18"]

1. d4 Nf6 2. Bg5 d5 3. e3 Ne4 4. Bf4 e6 5. Nd2 Bd6 6. Nxe4 Bxf4 7. exf4 dxe4 8. c3 O-O 9. f3 Qd5 10. Qc2 f5 11. fxe4 fxe4 12. Ne2 Nd7 13. g3 e3 14. Rg1 Qf3 15. O-O-O Nf6 16. Bg2 Qh5 17. h3 Qa5 18. Kb1 c6 19. g4 Nd5 20. Be4 Nf6 21. Bd3 h6 22. g5 hxg5 23. fxg5 Nh5 24. Bh7+ Kh8 25. Qg6 Qf5+ 26. Qxf5 exf5 27. Bg6 f4 28. Bxh5 f3 29. Nc1 Bf5+ 30. Ka1 Bc2 31. Rdf1 Be4 32. Rg4 e2 33. Nxe2 fxe2 34. Re1 Bf3 35. Rgg1 Bxh5 0-1


[Site "https://www.chess.com"]

[Event "Titled Tuesday Blitz March 28 Early 2023"]
[White "Baches Garcia, Guillermo"]
[Black "Zampronha, Wladimir Camilo"]
[WhiteFideId "2209764"]
[BlackFideId "2103087"]
[WhiteElo "2446"]
[BlackElo "2176"]
[Result "1-0"]
[Round "10"]
[TimeControl "180+2"]
[Date "2023.03.28"]
[WhiteClock "0:00:16"]
[BlackClock "0:00:01"]

1. e4 c5 2. Nf3 e6 3. c4 Nc6 4. d4 cxd4 5. Nxd4 Nf6 6. Nc3 Bb4 7. Nxc6 bxc6 8. Bd3 e5 9. O-O O-O 10. Qe2 d6 11. Na4 Qe7 12. a3 Ba5 13. b4 Bc7 14. h3 Bd7 15. Nc3 Rab8 16. Be3 a5 17. b5 cxb5 18. cxb5 Bb6 19. Bxb6 Rxb6 20. Rfc1 Be6 21. Bc4 Rc8 22. Nd5 Bxd5 23. Bxd5 Rxc1+ 24. Rxc1 g6 25. Rc8+ Kg7 26. Bc6 Qe6 27. Ra8 d5 28. Qa2 Nxe4 29. Bxd5 Qf5 30. Bxe4 Qxe4 31. Ra7 Rf6 32. Qd2 a4 33. Qb2 Rd6 34. Re7 Rd1+ 35. Kh2 Qf4+ 36. g3 Qf3 37. Qxe5+ Kh6 38. Qe3+ Qxe3 39. Rxe3 Rb1 40. Re4 Rxb5 41. Rh4+ 1-0


[Site "https://www.chess.com"]

[Event "Titled Tuesday Blitz March 28 Early 2023"]
[White "Ovezdurdyyeva, Jemal"]
[Black "Liu, Casper"]
[WhiteFideId "14001888"]
[BlackFideId "1454153"]
[WhiteElo "2043"]
[BlackElo "2221"]
[Result "0-1"]
[Round "10"]
[TimeControl "180+2"]
[Date "2023.03.28"]
[WhiteClock "0:00:27"]
[BlackClock "0:00:37"]

1. e4 c5 2. Nf3 e6 3. c3 d5 4. exd5 exd5 5. d4 Nf6 6. Bd3 Bg4 7. h3 Bh5 8. O-O Be7 9. Re1 O-O 10. Bg5 Nc6 11. dxc5 Bxc5 12. Nbd2 Qb6 13. Re2 Nd7 14. b4 Bd6 15. Qb3 Nde5 16. Qxd5 Nxd3 17. Qxd3 Ne5 18. Qe3 Rae8 19. Qxb6 axb6 20. Re3 f6 21. Nxe5 Bxe5 22. Bh4 Rc8 23. Ne4 Rc4 24. f3 Rfc8 25. Be1 Rxb4 26. cxb4 Bxa1 27. g4 Bf7 28. a3 Bd4 29. Bf2 Rc1+ 30. Kg2 Bxe3 31. Bxe3 Ra1 32. Nd6 Bd5 33. Bxb6 Rxa3 34. Ne4 Rb3 35. Bc5 Kf7 36. Kg3 Bxe4 0-1


[Site "https://www.chess.com"]

[Event "Titled Tuesday Blitz March 28 Early 2023"]
[White "Gatterer, Florian"]
[Black "Alahakoon, Isuru"]
[WhiteFideId "811688"]
[BlackFideId "9900993"]
[WhiteElo "2221"]
[BlackElo "1995"]
[Result "0-1"]
[Round "10"]
[TimeControl "180+2"]
[Date "2023.03.28"]
[WhiteClock "0:00:38"]
[BlackClock "0:01:04"]

1. e4 d5 2. exd5 Nf6 3. Nf3 Qxd5 4. Be2 e5 5. Nc3 Qa5 6. a3 Nc6 7. d3 Bg4 8. h3 Bh5 9. g4 Bg6 10. Bd2 O-O-O 11. Ne4 Qd5 12. Nxf6 gxf6 13. O-O e4 14. c4 Qd7 15. dxe4 Bxe4 16. Be3 Qe6 17. Qa4 h5 18. Nd4 Nxd4 19. Bxd4 Rxd4 20. Qxa7 b6 21. c5 Bxc5 22. Ba6+ Kd7 23. Rad1 Qd6 24. Bb5+ Ke7 25. Rxd4 Bxd4 26. Re1 f5 27. Bd3 Qg3+ 0-1


[Site "https://www.chess.com"]

[Event "Titled Tuesday Blitz March 28 Early 2023"]
[White "sebastianmarinp"]
[Black "Saya, Ethan"]
[BlackFideId "26095181"]
[WhiteElo "2307"]
[BlackElo "2150"]
[Result "0-1"]
[Round "10"]
[TimeControl "180+2"]
[Date "2023.03.28"]
[WhiteClock "0:00:32"]
[BlackClock "0:00:16"]

1. e4 e5 2. Nf3 Nc6 3. Bb5 Nf6 4. O-O Nxe4 5. d4 Nd6 6. Bxc6 dxc6 7. dxe5 Nf5 8. Qxd8+ Kxd8 9. Nc3 Ke8 10. Bf4 Be7 11. Rad1 Nh4 12. Nd4 Nf5 13. e6 Nxd4 14. exf7+ Kxf7 15. Rxd4 Bf6 16. Rd3 Bf5 17. Rf3 Bxc2 18. Bxc7 Rhe8 19. Rc1 Bg6 20. h3 Rac8 21. Bf4 Kg8 22. Re3 Bd4 23. Ree1 a5 24. Rcd1 Rxe1+ 25. Rxe1 Re8 26. Rxe8+ Bxe8 27. Be3 Bf6 28. Bb6 Kf7 29. Na4 Ke6 30. b3 Kd5 31. Bxa5 c5 32. Bc3 Bxa4 33. Bxf6 gxf6 34. bxa4 Kd4 35. Kf1 Kd3 36. Ke1 Kc2 37. g4 c4 38. f4 c3 39. g5 Kb2 40. gxf6 c2 41. f7 c1=Q+ 42. Kf2 Qc8 0-1


[Site "https://www.chess.com"]

[Event "Titled Tuesday Blitz March 28 Early 2023"]
[White "monkins"]
[Black "Gonzalez, Francisco Silva"]
[BlackFideId "1512285"]
[WhiteElo "2278"]
[BlackElo "2074"]
[Result "0-1"]
[Round "10"]
[TimeControl "180+2"]
[Date "2023.03.28"]
[WhiteClock "0:00:03"]
[BlackClock "0:01:00"]

1. Nf3 d5 2. g3 g6 3. Bg2 Bg7 4. O-O e5 5. d3 Ne7 6. c4 c6 7. Nbd2 O-O 8. Rb1 a5 9. a3 h6 10. b4 axb4 11. axb4 Be6 12. b5 Nd7 13. Qc2 Re8 14. bxc6 bxc6 15. Bb2 Ra2 16. Ra1 Ra8 17. cxd5 cxd5 18. Rxa8 Qxa8 19. Ra1 Qb7 20. h3 Rc8 21. Qb1 Rb8 22. Ba3 Qxb1+ 23. Rxb1 Rxb1+ 24. Nxb1 Nc6 25. Nbd2 Bf8 26. Bxf8 Kxf8 27. e3 Ke7 28. d4 e4 29. Ne1 f5 30. f3 Nb6 31. fxe4 fxe4 32. Kf2 Na5 33. Bf1 Kd6 34. h4 Bg4 35. Ng2 g5 36. Be2 Bxe2 37. Kxe2 Nac4 38. Nb3 Nd7 39. Nd2 Nb2 40. Nf1 Ke6 41. Nh2 Kf5 42. g4+ Kf6 43. h5 Ke6 44. Nf1 Nc4 45. Ng3 Nf6 46. Nf5 Nxg4 47. Ng7+ Kf6 48. Ne8+ Ke7 49. Nc7 Kd6 50. Ne8+ Kc6 51. Ne1 Ncxe3 52. Nf6 Nxf6 53. Kxe3 Nxh5 0-1


[Site "https://www.chess.com"]

[Event "Titled Tuesday Blitz March 28 Early 2023"]
[White "Tagliata"]
[Black "Mazurkiewicz, Michal"]
[BlackFideId "1124943"]
[WhiteElo "2228"]
[BlackElo "2054"]
[Result "0-1"]
[Round "10"]
[TimeControl "180+2"]
[Date "2023.03.28"]
[WhiteClock "0:00:47"]
[BlackClock "0:00:57"]

1. e4 d6 2. d4 Nf6 3. Nc3 c6 4. f3 e5 5. Be3 Be7 6. Qd2 O-O 7. O-O-O b5 8. g4 Nfd7 9. dxe5 dxe5 10. Nce2 Qc7 11. Ng3 Bc5 12. Nf5 a5 13. Nh3 Qb6 14. Bxc5 Nxc5 15. Qg5 Ne6 16. Qe3 Qxe3+ 17. Nxe3 Nd4 18. Bg2 b4 19. Nf5 Bxf5 20. exf5 Na6 21. Kb1 Nc5 22. f4 f6 23. fxe5 fxe5 24. Rhe1 Rae8 25. Re3 h5 26. gxh5 Rxf5 27. c3 bxc3 28. bxc3 Rb8+ 29. Ka1 Nc2# 0-1


[Site "https://www.chess.com"]

[Event "Titled Tuesday Blitz March 28 Early 2023"]
[White "Michalski, Olaf"]
[Black "Begunov, Konstantin"]
[WhiteFideId "1106740"]
[BlackFideId "4118510"]
[WhiteElo "2173"]
[BlackElo "2079"]
[Result "1-0"]
[Round "10"]
[TimeControl "180+2"]
[Date "2023.03.28"]
[WhiteClock "0:00:07"]
[BlackClock "0:00:10"]

1. d4 d5 2. c4 c6 3. cxd5 cxd5 4. Nc3 Nf6 5. Nf3 Nc6 6. Bf4 a6 7. e3 Bg4 8. h3 Bxf3 9. Qxf3 e6 10. g4 Qb6 11. Qe2 Bb4 12. Bg2 Qa5 13. O-O Bxc3 14. bxc3 Qxc3 15. Bd6 Ne4 16. Bxe4 dxe4 17. Rab1 Nd8 18. Rfc1 Qa5 19. Rc7 Qd5 20. Re7+ Kf8 21. Rxe6+ Qxd6 22. Rxd6 Ke7 23. Rd5 b5 24. Qc2 Ne6 25. Qxe4 Rhc8 26. f4 Kf8 27. Rd7 Re8 28. Qb7 Nd8 29. Qxa8 Ne6 30. Qb7 Nd8 31. Qa7 g6 32. Rc1 h5 33. Rcc7 hxg4 34. Rxf7+ Nxf7 35. Rxf7+ Kg8 36. Rg7+ Kh8 37. Rh7+ Kg8 38. Qg7# 1-0


[Site "https://www.chess.com"]

[Event "Titled Tuesday Blitz March 28 Early 2023"]
[White "Harriott, Tyrell"]
[Black "Fernandez Sanchez, Mario Andres"]
[WhiteFideId "2086484"]
[BlackFideId "6501621"]
[WhiteElo "2107"]
[BlackElo "2050"]
[Result "1-0"]
[Round "10"]
[TimeControl "180+2"]
[Date "2023.03.28"]
[WhiteClock "0:00:45"]
[BlackClock "0:00:10"]

1. d4 d5 2. e3 Nf6 3. Bd3 g6 4. f4 Bg7 5. Nf3 c6 6. O-O Bg4 7. Nbd2 Nbd7 8. h3 Bxf3 9. Nxf3 e6 10. b3 O-O 11. Ba3 Re8 12. c4 a6 13. Ne5 Qc7 14. Qd2 Rad8 15. Rfb1 Nh5 16. c5 f5 17. Bb4 Ra8 18. Ba5 Qc8 19. a4 Ng3 20. Nxd7 Qxd7 21. Bb6 Nh5 22. b4 Nf6 23. b5 axb5 24. axb5 Rec8 25. Ba7 Qe8 26. Ra2 Nd7 27. bxc6 bxc6 28. Rb7 Qd8 29. Rab2 Rc7 30. Bb6 Nxb6 31. R7xb6 h6 32. Ba6 Bf6 33. Bb7 Ra1+ 34. Kh2 Qe8 35. Ra2 Rxa2 36. Qxa2 g5 37. fxg5 hxg5 38. Qa6 f4 39. Rxc6 Qb8 40. Rxe6 fxe3 41. Bxd5 Rc6+ 42. Rd6+ Kg7 43. Qxc6 e2 44. Qd7+ Kh6 45. Qe6 e1=Q 46. Qxe1 Kh5 1-0


[Site "https://www.chess.com"]

[Event "Titled Tuesday Blitz March 28 Early 2023"]
[White "Tarasova, Viktoriya"]
[Black "hsd2016"]
[WhiteFideId "4175840"]
[WhiteElo "2182"]
[BlackElo "2005"]
[Result "1-0"]
[Round "10"]
[TimeControl "180+2"]
[Date "2023.03.28"]
[WhiteClock "0:01:15"]
[BlackClock "0:01:03"]

1. d4 Nf6 2. c4 c5 3. d5 b5 4. cxb5 a6 5. bxa6 e6 6. Nc3 exd5 7. Nxd5 Be7 8. Nf3 Bxa6 9. Bf4 Nxd5 10. Qxd5 Nc6 11. e4 Bxf1 12. Kxf1 O-O 13. g3 Qb6 14. Kg2 Qxb2 15. Qxd7 Rac8 16. Qd2 Qb7 17. Rab1 Qa8 18. Qe3 Rfd8 19. Qb3 Nd4 20. Nxd4 cxd4 21. Qd3 Qxa2 22. Rb7 Rc3 23. Qb5 Bf6 24. e5 Rc2 25. Rf1 Qa8 26. exf6 d3 27. Kg1 d2 28. Qg5 1-0


[Site "https://www.chess.com"]

[Event "Titled Tuesday Blitz March 28 Early 2023"]
[White "lolliNOPE"]
[Black "Iskusnyh, Sergei"]
[BlackFideId "4120027"]
[WhiteElo "2085"]
[BlackElo "2492"]
[Result "0-1"]
[Round "10"]
[TimeControl "180+2"]
[Date "2023.03.28"]
[WhiteClock "0:00:34"]
[BlackClock "0:01:09"]

1. e4 e6 2. d4 d5 3. Nc3 Nf6 4. e5 Nfd7 5. f4 c5 6. Nf3 Nc6 7. Be3 Rb8 8. Qd2 Qa5 9. O-O-O b5 10. Kb1 b4 11. Nxd5 exd5 12. dxc5 b3 13. Qxa5 bxc2+ 14. Kxc2 Nxa5 15. Rxd5 Bb7 16. Rd6 Bxd6 17. cxd6 O-O 18. Bxa7 Be4+ 19. Bd3 Rfc8+ 20. Kd2 Rxb2+ 21. Ke3 Bxd3 22. Kxd3 Rxa2 23. Bd4 Nb3 24. Be3 Nbc5+ 25. Kd4 Ne6+ 26. Ke4 Ra4+ 27. Kf5 g6+ 28. Kg4 Rc3 29. Bd2 Rd3 30. Rb1 Nxe5+ 31. Nxe5 Rxd2 32. Rb8+ Kg7 33. d7 Rxf4+ 34. Kg3 Rfd4 0-1


[Site "https://www.chess.com"]

[Event "Titled Tuesday Blitz March 28 Early 2023"]
[White "Ardila, Oscar Humberto"]
[Black "Akhmetov, Ayan"]
[WhiteFideId "4404742"]
[BlackFideId "13703706"]
[WhiteElo "1911"]
[BlackElo "2398"]
[Result "0-1"]
[Round "10"]
[TimeControl "180+2"]
[Date "2023.03.28"]
[WhiteClock "0:00:06"]
[BlackClock "0:00:11"]

1. d4 e6 2. c4 b6 3. Nc3 Bb7 4. Nf3 Nf6 5. e3 g6 6. Be2 Bg7 7. O-O O-O 8. b3 c5 9. Bb2 cxd4 10. Nxd4 Nc6 11. Nxc6 Bxc6 12. Bf3 Qc8 13. Rc1 Qb7 14. Bxc6 dxc6 15. Qf3 Qc7 16. Rfd1 Rfd8 17. Ne2 Ng4 18. Qxg4 Bxb2 19. Rb1 Rxd1+ 20. Rxd1 Rd8 21. Ng3 h5 22. Qe2 Be5 23. Nf1 Rd7 24. g3 Qd8 25. Rxd7 Qxd7 26. f4 Bd6 27. Kg2 Bc5 28. Qc2 e5 29. Qe4 exf4 30. exf4 h4 31. gxh4 a5 32. h5 gxh5 33. f5 Qd1 34. Qe8+ Kg7 35. Qe5+ Kh7 36. f6 Qc2+ 37. Kh1 Qg6 38. Ng3 h4 39. Qh5+ Qxh5 40. Nxh5 Kg6 41. Nf4+ Kxf6 42. Kg2 Kf5 43. Kf3 Bd6 44. Ng2 h3 45. Ne3+ Kg5 46. a4 Bxh2 47. Nf1 Bf4 48. Kf2 Kf5 49. Kf3 Ke5 50. Kf2 c5 51. Kf3 f5 52. Kf2 h2 53. Kg2 Kd4 54. Nxh2 Bxh2 55. Kxh2 Kc3 0-1


[Site "https://www.chess.com"]

[Event "Titled Tuesday Blitz March 28 Early 2023"]
[White "Orlov, Georgi"]
[Black "Karthik Sai Ch"]
[WhiteFideId "2011271"]
[BlackFideId "46649484"]
[WhiteElo "2558"]
[BlackElo "2003"]
[Result "0-1"]
[Round "10"]
[TimeControl "180+2"]
[Date "2023.03.28"]
[WhiteClock "0:00:11"]
[BlackClock "0:00:20"]

1. e4 c6 2. Nc3 d5 3. Nf3 dxe4 4. Nxe4 Nf6 5. Nxf6+ exf6 6. Be2 Bd6 7. O-O O-O 8. b3 Qc7 9. a4 Bg4 10. h3 Bxf3 11. Bxf3 Nd7 12. d4 Rad8 13. Re1 f5 14. Qd3 g6 15. Bh6 Rfe8 16. Bg5 f6 17. Bd2 Kg7 18. a5 a6 19. Qc4 Nf8 20. Bb4 Bxb4 21. Qxb4 Ne6 22. c3 Nf4 23. Qc4 g5 24. Rxe8 Rxe8 25. d5 g4 26. hxg4 fxg4 27. Bxg4 Nxd5 28. Bf3 Nf4 29. Rd1 Ng6 30. Qg4 Re7 31. b4 Qe5 32. Qd4 Qg5 33. g3 h5 34. Qd2 Qe5 35. Qd4 Qg5 36. Kf1 h4 37. Qd6 Qb5+ 38. Kg2 Qf5 39. Rd4 h3+ 40. Kh2 Qxf3 41. Kxh3 Re1 0-1


[Site "https://www.chess.com"]

[Event "Titled Tuesday Blitz March 28 Early 2023"]
[White "Orujov2008"]
[Black "Cella, Glaucio Dalla Cortt"]
[BlackFideId "2119455"]
[WhiteElo "2284"]
[BlackElo "2011"]
[Result "0-1"]
[Round "10"]
[TimeControl "180+2"]
[Date "2023.03.28"]
[WhiteClock "0:01:39"]
[BlackClock "0:02:09"]

1. e4 c5 2. Nf3 e6 3. d4 cxd4 4. Nxd4 Nf6 5. Nc3 Bb4 6. e5 Nd5 7. Qg4 g6 8. Qg3 Qa5 9. Bd2 Nxc3 10. bxc3 Be7 11. Bd3 Nc6 12. Nxc6 dxc6 13. O-O Bd7 14. Rfd1 O-O-O 15. Rab1 h5 16. h3 h4 17. Qe3 Rh5 18. f4 Bc5 0-1


[Site "https://www.chess.com"]